 Dungeon Crawl Stone Soup version 0.29.1-15-g9cfb28693d (webtiles) character file.

Game seed: 11085320729551523021

264005 Gabide the Brawler (level 19, -11/167 HPs)
             Began as a Mummy Berserker on Apr 30, 2023.
             Was a High Priest of Trog.
             Killed from afar by an ironbound frostheart (24 damage)
             ... by creeping frost
             ... on level 2 of the Vaults.
             The game lasted 02:16:15 (52945 turns).

Gabide the Brawler (Mummy Berserker)               Turns: 52945, Time: 02:16:16

Health: -11/167    AC: 11    Str: 35    XL:     19   Next: 26%
Magic:  28/28      EV: 21    Int:  7    God:    Trog [*****.]
Gold:   2142       SH:  0    Dex: 11    Spells: 18/18 levels left

rFire   . . .      SeeInvis +     - Unarmed
rCold   + . .      Faith    .   (no shield)
rNeg    + + +      Spirit   .   P - +0 leather armour of Resoruj {rElec Regen+}
rPois   ∞          Reflect  .   O - +5 helmet "Soes Vum" {Fly}
rElec   +          Harm     .   N - +1 cloak of Starlight {*Dazzle EV+4 Stlth--}
rCorr   .          Rampage  +   B - +2 pair of gloves {Stlth+}
Will    ++++.                   s - +2 pair of boots "Jarchir" {Rampage Regen+}
Stlth   ..........              U - amulet of the Dull God {Acrobat rPois Str+4 Slay+3}
HPRegen 2.97/turn               W - ring "Mac Soif" {rPois rN+ MP+9 Slay+4}
MPRegen 0.21/turn               R - ring of the Hippo {*Corrode rF+ rN+ AC+4 Str+3 SInv}

@: strong-willed, frozen, corroded, flying, regenerating, studying Polearms,
very slow
A: cold resistance 1, negative energy resistance 3, torment resistance 2, heat
vulnerability 1, in touch with death 2, no potions
}: 2/15 runes: serpentine, barnacled
a: Renounce Religion, Trog's Hand, Brothers in Arms


You were on level 2 of the Vaults.
You worshipped Trog.
Trog was extremely pleased with you.
You visited 6 branches of the dungeon, and saw 32 of its levels.
You also visited: Gauntlet, Volcano and Desolation.

You collected 4013 gold pieces.
You spent 1871 gold pieces at shops.

Inventory:

Hand Weapons
 a - a +9 vorpal triple crossbow
 l - the +5 demon whip "Spellbinder" {antimagic, Will+}
   (You took it off an orc on level 1 of the Orcish Mines)

   It reduces the magical energy of the wielder, and disrupts the spells and
   magical abilities of those it strikes.
   Natural abilities and divine invocations are not affected.
   It unleashes wild and unpredictable magical effects upon striking a wizard or
   a creature with magical abilities.
   Will:      It increases your willpower.
Missiles
 n - 25 boomerangs (quivered)
 q - 10 javelins
 D - 13 silver javelins
 L - 2 throwing nets
Armour
 m - a +2 robe of willpower
 r - the +6 leather armour of Nocir {rC+ Str+5 Int+3}
   (You found it on level 5 of the Dungeon)

   Str:       It affects your strength (+5).
   Int:       It affects your intelligence (+3).
   rC:        It protects you from cold.
 s - the +2 pair of boots "Jarchir" (worn) {Rampage Regen+}
   (You found it in the Desolation of Salt)

   Regen:     It increases your rate of health regeneration.
   Rampage:   It bestows one free step when moving towards enemies.
 u - a +2 leather armour of fire resistance
 v - a +1 pair of gloves of infusion
 B - a +2 pair of gloves of stealth (worn)
 N - the +1 cloak of Starlight (worn) {*Dazzle EV+4 Stlth--}
   (You found it on level 4 of the Shoals)

   It may blind those who miss an attack against the wearer in melee combat.
   EV:        It affects your evasion (+4).
   Stlth:     It makes you much less stealthy.
 O - the +5 helmet "Soes Vum" (worn) {Fly}
   (You found it on level 4 of the Shoals)

   Fly:       It grants you flight.
 P - the +0 leather armour of Resoruj (worn) {rElec Regen+}
   (You found it on level 3 of the Dungeon)

   rElec:     It insulates you from electricity.
   Regen:     It increases your rate of health regeneration.
 S - an orb of light
 X - +1 ice dragon scales
Jewellery
 g - a ring of fire
 i - a ring of ice
 j - a ring of see invisible
 k - a ring of willpower
 o - a +4 ring of evasion
 t - a ring of resist corrosion
 H - a +4 ring of protection
 M - a ring of ice
 Q - an amulet of regeneration
 R - the ring of the Hippo (right hand) {*Corrode rF+ rN+ AC+4 Str+3 SInv}
   (You bought it in a shop on level 1 of the Vaults)

   [ring of protection]

   AC:        It affects your AC (+4).
   Str:       It affects your strength (+3).
   rF:        It protects you from fire.
   rN:        It protects you from negative energy.
   SInv:      It lets you see invisible.
   *Corrode:  It may corrode you when you take damage.
 U - the amulet of the Dull God (around neck) {Acrobat rPois Str+4 Slay+3}
   (You found it in the Desolation of Salt)

   [amulet of the acrobat]

   It increases your evasion while moving and waiting.
   Str:       It affects your strength (+4).
   Slay:      It affects your accuracy & damage with ranged weapons and melee
   (+3).
   rPois:     It protects you from poison.
 V - a +4 ring of evasion
 W - the ring "Mac Soif" (left hand) {rPois rN+ MP+9 Slay+4}
   (You found it in the Desolation of Salt)

   [ring of slaying]

   Slay:      It affects your accuracy & damage with ranged weapons and melee
   (+4).
   rPois:     It protects you from poison.
   rN:        It protects you from negative energy.
   MP:        It affects your magic capacity (+9).
Wands
 b - a wand of flame (67)
 e - a wand of paralysis (23)
 p - a wand of mindburst (14)
 C - a wand of light (16)
 G - a wand of roots (1)
 K - a wand of polymorph (21)
Scrolls
 c - 2 scrolls of brand weapon
 d - 12 scrolls of teleportation
 f - 4 scrolls of immolation
 h - 24 scrolls of identify
 w - 2 scrolls of poison
 x - 4 scrolls of magic mapping
 z - 3 scrolls of fog
 F - 3 scrolls of vulnerability
 I - 2 scrolls of blinking
Miscellaneous
 y - a phantom mirror
 A - a condenser vane
 E - a box of beasts
 J - a lightning rod (4/4)
 T - a phial of floods


   Skills:
 + Level 19.3 Fighting
 - Level 8.0 Armour
 + Level 14.9 Dodging
 * Level 20.8 Unarmed Combat


You had 18 spell levels left.
You didn't know any spells.
Your spell library was empty.

Dungeon Overview and Level Annotations

Branches:
Dungeon (15/15)            Temple (0/1) D:6            Lair (5/5) D:10
 Shoals (4/4) Lair:2        Snake (4/4) Lair:2        Slime (0/5) Lair:5
    Orc (2/2) D:9             Elf (0/3) Orc:2        Vaults (1/5) D:14
Volcano (visited)         Desolation (visited)      Gauntlet (visited)
 Depths: D:15

Altars:
Ashenzari
Cheibriados
Dithmenos
Fedhas
Hepliaklqana
Kikubaaqudgha
Makhleb
Qazlal
Ru
Vehumet
Wu Jian
Xom
Jiyva

Shops:
D:3 [   D:4 [[(?(   D:6 (   Orc:2 *(:?:   Shoals:2 =*=(*   Snake:2 [[!
Snake:3 *   Snake:4 :   Vaults:1 =

Annotations:
D:15 Agnes
Lair:1 2 transporters, exclusion: ice statue, LaMa's ghost, journeyman TrAK


Innate Abilities, Weirdness & Mutations

You are immune to poison.
Your flesh is cold resistant. (rC+)
You are immune to negative energy. (rN+++)
You are immune to unholy pain and torment.
You are vulnerable to heat. (rF-)
You are strongly in touch with the powers of death.
You do not drink.


Message History

The roots release their grip on the boulder beetle.
The roots release their grip on the ironbound frostheart.
The roots release their grip on the yaktaur.
The ironbound frostheart touches you! The ironbound frostheart freezes you!
You resist.
The boulder beetle leaps!
There is an open door, spattered with blood here.
Items here: ))))))) [[[ †††.
You catch the helpless yaktaur completely off-guard!
You pummel the yaktaur!!
You kill the yaktaur!
Trog accepts your kill. The ironbound frostheart touches you!
The ironbound frostheart freezes you! You resist.
Your corrosive artefact corrodes you!
You pummel the ironbound frostheart!!
The ironbound frostheart is heavily wounded.
The ironbound frostheart touches you!!
* * * LOW HITPOINT WARNING * * *
The ironbound frostheart freezes you! You resist.
* * * LOW HITPOINT WARNING * * *
The boulder beetle waves its antennae.
You barely miss the ironbound frostheart.
The ironbound frostheart is heavily wounded.
You closely miss the ironbound frostheart.
The ironbound frostheart is heavily wounded.
The boulder beetle leaps!
The ironbound frostheart calls freezing cold from the walls.
The frost grips you!! You partially resist.
* * * LOW HITPOINT WARNING * * *
You are encased in ice.
Okay, then.
Unknown command.
Unknown command.
Unknown command.
You pummel the ironbound frostheart!!
The ironbound frostheart is almost dead.
You hit the ironbound frostheart.
The ironbound frostheart is almost dead.
The ironbound frostheart calls freezing cold from the walls.
The frost grips you!! You partially resist.
You die...

.######## ..
#.......#.p #.....#.#.
#..#....' #.......#
#.......# #.#..)#.#
#....)p.# ######@###
#...#.).# #...#...#
#..'#...#+
####.....#### #########
#....)......#
#.......#.#.....#.....#
#.......#.#...........#
#.......#.####.....####


You could see an ironbound frostheart.

Vanquished Creatures
  Bai Suzhen (Snake:4)
  Nikola (Snake:4)
  Kirke (Lair:5)
  A storm dragon (Shoals:4)
  2 nagarajas (Snake:4)
  An imperial myrmidon (Desolation)
  Aizul (Snake:3)
  2 orc warlords
  3 ironbound preservers
  2 ironbound thunderhulks (Vaults:1)
  3 very ugly things (Vaults:1)
  A deep elf demonologist (Vaults:1)
  2 entropy weavers (Vaults:2)
  3 dire elephants (Vaults:1)
  2 halazid warlocks (Desolation)
  A crystal guardian (Vaults:1)
  2 merfolk javelineers
  5 ragged hierophants (Desolation)
  2 yaktaur captains
  Josephine (Lair:4)
  11 merfolk impalers
  3 servants of whispers (Desolation)
  7 hydras
  3 ogre magi
  4 centaur warriors
  5 salamander tyrants (Snake:4)
  6 boulder beetles
  2 catoblepae
  6 peacekeepers
  An ironbound frostheart (Vaults:2)
  20 anacondas
  2 merfolk avatars
  The ghost of kalagan the Thaumaturge, a journeyman DECj of Sif Muna (Lair:3)
  5 merfolk aquamancers
  6 two-headed ogres
  A satyr (Shoals:3)
  18 death yaks
  19 naga warriors
  A tengu warrior (D:12)
  Urug (D:13)
  A hell knight (Volcano)
  An orc high priest (Orc:1)
  5 shock serpents
  11 naga sharpshooters
  6 salamander mystics
  An iron troll (D:14)
  A shadow wraith (D:14)
  8 deep trolls
  14 sea snakes
  9 ironbound convokers
  A glowing orange brain (Vaults:1)
  6 naga ritualists
  Pikel (D:4)
  5 orc knights
  12 harpies
  6 mana vipers
  5 lindwurms
  8 fauns
  3 necromancers
  14 manticores
  A wolf spider (Lair:5)
  10 orc sorcerers
  An oklob plant (Lair:2)
  3 cyclopes
  2 ugly things
  11 salamanders
  Joseph (D:7)
  27 black mambas
  5 merfolk sirens
  10 guardian serpents
  13 water nymphs
  An ice statue (Gauntlet)
  4 vault sentinels
  2 molten gargoyles (Volcano)
  8 cane toads
  24 elephants
  A cane toad (shapeshifter) (D:14)
  20 naga magi
  2 centaur skeletons (D:15)
  A gargoyle (D:12)
  2 unseen horrors
  6 rime drakes
  2 freezing wraiths
  4 yaktaurs (Vaults:2)
  3 kobold demonologists
  10 komodo dragons
  A tengu conjurer (D:12)
  A troll (shapeshifter) (D:14)
  18 merfolk
  6 trolls
  A wolf spider simulacrum (D:15)
  20 slime creatures
  Grinder (D:6)
  2 hornets
  9 wind drakes
  8 polar bears
  A blink frog (shapeshifter) (D:13)
  15 blink frogs
  A raiju (Lair:5)
  A raiju (shapeshifter) (D:14)
  46 saltlings (Desolation)
  A harpy skeleton (D:15)
  5 snapping turtles
  2 dream sheep (Lair:5)
  A centaur simulacrum (D:14)
  A shadow (D:11)
  6 air elementals (Shoals:4)
  A jumping spider (Vaults:2)
  2 wyverns
  A vampire (D:8)
  Sigmund (D:5)
  6 wraiths
  3 hogs (Lair:5)
  47 yaks
  6 basilisks
  17 water elementals
  2 fire bats (Volcano)
  Edmund (D:4)
  A steam dragon (D:9)
  2 redbacks (Vaults:2)
  Grum (D:9)
  8 wargs
  2 acid dragons
  63 nagas
  13 hell hounds
  10 water moccasins
  A sky beast (D:6)
  An ice beast (D:5)
  A hornet zombie (D:15)
  4 ogres
  10 black bears
  25 orc warriors
  33 wolves
  10 centaurs
  2 phantoms
  15 kobold brigands
  11 bullfrogs
  5 scorpions
  4 wights (D:10)
  5 killer bees (D:9)
  6 howler monkeys
  An electric eel (Lair:1)
  8 lava snakes (Volcano)
  3 jellies (Lair:3)
  6 hounds
  20 orc priests
  An iron imp (D:7)
  3 iguanas
  28 orc wizards
  3 gnolls (D:6)
  10 adders
  3 white imps
  2 ufetubi (D:5)
  2 worms
  2 dart slugs
  63 orcs
  7 endoplasms
  5 giant cockroaches
  5 hobgoblins
  3 jackals
  17 kobolds
  6 quokkas
  9 ball pythons
  5 bats
  6 frilled lizards
  6 goblins
  5 rats
1147 creatures vanquished.

Vanquished Creatures (collateral kills)
  A war gargoyle (Vaults:1)
  A dire elephant (Lair:1)
  A minotaur (Gauntlet)
  A halazid warlock (Desolation)
  A crystal guardian (Desolation)
  A servant of whispers (Desolation)
  2 elephants (Lair:1)
  A salamander (Snake:4)
  A torpor snail (Lair:5)
  A merfolk (Shoals:4)
  2 polar bears (Lair:5)
  A raiju (Lair:5)
  2 hell hounds (Lair:5)
  2 black bears (Lair:5)
18 creatures vanquished.

Vanquished Creatures (others)
  A yaktaur (Vaults:2)
  3 saltlings (Desolation)
  2 orc wizards (Orc:2)
  39 fungi
  142 plants
187 creatures vanquished.

Grand Total: 1352 creatures vanquished

Notes
Turn   | Place    | Note
-------+----------+-------------------------------------------
     0 | D:1      | Gabide the Mummy Berserker began the quest for the Orb.
     0 | D:1      | Reached XP level 1. HP: 18/18 MP: 1/1
   537 | D:1      | Found a faded altar of an unknown god.
   552 | D:1      | Reached XP level 2. HP: 16/24 MP: 2/2
   875 | D:1      | You fall into a shaft and drop 1 floor!
  1168 | D:1      | Reached skill level 3 in Unarmed Combat
  1282 | D:2      | Gained mutation: You are in touch with the powers of death.
                  | [Mummy growth]
  1282 | D:2      | Reached XP level 3. HP: 29/29 MP: 3/3
  1449 | D:2      | Reached ** piety under Trog
  1627 | D:3      | Noticed a scorpion
  1663 | D:3      | Found Qioj Wos's Antique Armour Boutique.
  1666 | D:3      | Bought a pair of boots for 108 gold pieces
  1690 | D:3      | Reached XP level 4. HP: 30/36 MP: 4/4
  1839 | D:3      | Killed a scorpion
  1840 | D:3      | Reached XP level 5. HP: 41/42 MP: 5/5
  1861 | D:3      | Identified the +0 leather armour of Resoruj {rElec Regen+}
  2071 | D:3      | Reached skill level 4 in Unarmed Combat
  2233 | D:4      | Found Kereurybb's Antique Weapon Emporium.
  2238 | D:4      | Found Ixtov's Magic Scroll Emporium.
  2239 | D:4      | Noticed Edmund
  2272 | D:4      | Reached XP level 6. HP: 47/49 MP: 6/6
  2293 | D:4      | Found Fafoo's Armour Emporium.
  2456 | D:4      | Found a sacrificial altar of Ru.
  2628 | D:4      | Found Wafaoxak's Antique Armour Shoppe.
  2689 | D:4      | Paralysed by a centaur for 3 turns
  2697 | D:4      | Reached skill level 5 in Unarmed Combat
  2697 | D:4      | Reached XP level 7. HP: 22/55 MP: 7/7
  2930 | D:4      | Found a hazy altar of Hepliaklqana.
  2930 | D:4      | Noticed Pikel
  2953 | D:4      | Killed Pikel
  2954 | D:4      | Reached skill level 5 in Fighting
  3018 | D:4      | Killed Edmund
  3019 | D:4      | Reached skill level 6 in Unarmed Combat
  3019 | D:4      | Reached XP level 8. HP: 48/63 MP: 8/8
  3075 | D:4      | Found Caebb's Weapon Shop.
  3536 | D:5      | Entered Level 5 of the Dungeon
  3689 | D:5      | Reached *** piety under Trog
  3734 | D:5      | Identified the +6 leather armour of Nocir {rC+ Str+5 Int+3}
  3871 | D:5      | Found a shadowy altar of Dithmenos.
  3964 | D:5      | Reached skill level 7 in Unarmed Combat
  4017 | D:5      | Noticed Sigmund
  4030 | D:5      | Killed Sigmund
  4031 | D:5      | Reached skill level 5 in Armour
  4040 | D:5      | Reached XP level 9. HP: 71/71 MP: 9/9
  4406 | D:4      | Bought a pair of embroidered boots for 157 gold pieces
  4468 | D:6      | Noticed Grinder
  4469 | D:6      | Paralysed by Grinder for 5 turns
  4478 | D:6      | Paralysed by Grinder for 5 turns
  4492 | D:6      | Killed Grinder
  4614 | D:5      | Found a stormy altar of Qazlal.
  5050 | D:6      | Reached skill level 8 in Unarmed Combat
  5281 | D:6      | Found a staircase to the Ecumenical Temple.
  5372 | D:6      | Found Ziotinga's Antique Weapon Emporium.
  5739 | D:7      | Found a snail-covered altar of Cheibriados.
  5817 | D:7      | Reached **** piety under Trog
  5985 | D:7      | Noticed Joseph
  6016 | D:7      | Killed Joseph
  6165 | D:7      | Found a burning altar of Makhleb.
  6962 | D:9      | Noticed a two-headed ogre
  6974 | D:9      | Killed a two-headed ogre
  6975 | D:9      | Reached skill level 9 in Unarmed Combat
  6975 | D:9      | Reached XP level 10. HP: 67/80 MP: 10/10
  7684 | D:8      | Found a broken altar of Ashenzari.
  7701 | D:8      | Reached skill level 10 in Unarmed Combat
  7955 | D:8      | Found an ornate altar of the Wu Jian Council.
  8469 | D:9      | Found a staircase to the Orcish Mines.
  8874 | D:9      | Noticed Grum
  8894 | D:9      | Reached XP level 11. HP: 46/89 MP: 11/11
  8900 | D:9      | Killed Grum
  9317 | D:3      | Bought a glowing helmet for 180 gold pieces
  9440 | D:10     | Entered Level 10 of the Dungeon
 10117 | D:10     | Found a staircase to the Lair.
 10550 | Lair:1   | Entered Level 1 of the Lair of Beasts
 10643 | Lair:1   | Identified the +9 hand axe "Tyecli Vatia" {venom, rN+ Int-5
                  | SInv}
 10711 | Lair:1   | Reached skill level 11 in Unarmed Combat
 11215 | Lair:1   | Noticed a four-headed hydra
 11223 | Lair:1   | Killed a four-headed hydra
 11224 | Lair:1   | Reached skill level 10 in Fighting
 11522 | Lair:1   | Reached skill level 12 in Unarmed Combat
 11589 | Lair:1   | Noticed a dire elephant
 11602 | Lair:1   | Killed a dire elephant
 11796 | Lair:1   | Reached XP level 12. HP: 67/97 MP: 12/12
 11967 | Lair:1   | Found a transporter.
 11977 | Lair:1   | Noticed LaMa's ghost (journeyman TrAK)
 12032 | Lair:1   | Found a transporter.
 12354 | Lair:2   | Found a shimmering altar of Xom.
 12368 | Lair:2   | Reached skill level 5 in Dodging
 13112 | D:11     | Noticed a two-headed ogre
 13120 | D:11     | Killed a two-headed ogre
 13264 | D:11     | Noticed a boulder beetle
 13272 | D:11     | Killed a boulder beetle
 13782 | D:12     | Noticed a tengu warrior
 13804 | D:12     | Killed a tengu warrior
 13847 | D:12     | Noticed a boulder beetle
 13877 | D:12     | Found a gate leading to a gauntlet.
 13906 | D:12     | Killed a boulder beetle
 13927 | Gauntlet | Entered a Gauntlet
 13927 | Gauntlet | Found a transporter.
 13927 | Gauntlet | Found a transporter.
 13927 | Gauntlet | Found a transporter.
 13927 | Gauntlet | Found a transporter.
 14150 | Gauntlet | Found a transporter.
 14160 | Gauntlet | Found a transporter.
 14164 | Gauntlet | Found a transporter.
 14170 | Gauntlet | Noticed a death yak
 14171 | Gauntlet | Noticed a death yak
 14171 | Gauntlet | Noticed a death yak
 14172 | Gauntlet | Noticed a death yak
 14172 | Gauntlet | Noticed a death yak
 14172 | Gauntlet | Noticed a death yak
 14180 | Gauntlet | Found a transporter.
 14195 | Gauntlet | Found a transporter.
 14214 | Gauntlet | Found a transporter.
 14216 | Gauntlet | Found a transporter.
 14226 | Gauntlet | Found a transporter.
 14623 | Gauntlet | Gained mutation: You are strongly in touch with the powers
                  | of death. [Mummy growth]
 14623 | Gauntlet | Reached XP level 13. HP: 91/104 MP: 13/13
 14797 | Gauntlet | Reached skill level 13 in Unarmed Combat
 14965 | Gauntlet | Noticed a minotaur
 14973 | Gauntlet | Killed a minotaur
 14980 | Gauntlet | Identified the +0 ring mail of Too Many Cooks {Will++ Str-5
                  | SInv}
 14983 | Gauntlet | Identified the +0 kite shield "Sautargh" {Dex+2}
 15381 | D:12     | Identified the +12 hand axe "Qybud" {spect, MP+9 Str+2}
 15731 | D:13     | Noticed Urug
 15741 | D:13     | Killed Urug
 17246 | D:14     | Found a gate to the Vaults.
 18276 | D:15     | Entered Level 15 of the Dungeon
 18552 | D:15     | Identified the +0 pair of gloves of Insatiable Hunger
                  | {Dex+5 Stlth+}
 18820 | D:15     | Noticed Agnes
 19369 | Lair:2   | Reached skill level 14 in Unarmed Combat
 19689 | Lair:2   | Found a staircase to the Shoals.
 19726 | Lair:2   | Reached XP level 14. HP: 68/116 MP: 14/14
 19926 | Lair:2   | Found a staircase to the Snake Pit.
 20438 | Lair:3   | Found a runed translucent gate.
 20439 | Lair:3   | Found a runed translucent gate.
 20875 | Lair:3   | Found a runed translucent gate.
 20875 | Lair:3   | Noticed kalagan's ghost (journeyman DECj)
 20879 | Lair:3   | Found a viscous altar of Jiyva.
 20905 | Lair:3   | Killed kalagan's ghost
 20915 | Lair:3   | Reached skill level 10 in Dodging
 21595 | Lair:4   | Found a dark tunnel.
 21629 | Volcano  | Entered a volcano
 22496 | Volcano  | Found a bloodstained altar of Trog.
 23458 | Lair:4   | Noticed Josephine
 23468 | Lair:4   | Killed Josephine
 23486 | Lair:4   | Reached skill level 15 in Unarmed Combat
 23908 | Lair:4   | Reached ***** piety under Trog
 24469 | Lair:5   | Entered Level 5 of the Lair of Beasts
 24920 | Lair:5   | Found a staircase to the Slime Pits.
 25101 | Lair:5   | Received a gift from Trog
 25424 | Lair:5   | Noticed Kirke
 25438 | Lair:5   | Killed Kirke
 25449 | Lair:5   | Reached XP level 15. HP: 127/127 MP: 15/15
 25674 | Lair:5   | Reached skill level 15 in Fighting
 26230 | Lair:5   | Identified the +6 sling "Wyho" {flame, rCorr}
 26592 | Lair:5   | Reached skill level 16 in Unarmed Combat
 27622 | Lair:5   | Received a gift from Trog
 28095 | Orc:1    | Entered Level 1 of the Orcish Mines
 28412 | Orc:1    | Noticed an orc warlord
 28464 | Orc:1    | Killed an orc warlord
 30053 | Orc:2    | Entered Level 2 of the Orcish Mines
 30434 | Orc:2    | Found a staircase to the Elven Halls.
 30556 | Orc:2    | Found Wonn's Overcharged Wands.
 30640 | Orc:2    | Found Myosileg's Antique Weapon Shop.
 30654 | Orc:2    | Received a gift from Trog
 30723 | Orc:2    | Found a radiant altar of Vehumet.
 30737 | Orc:2    | Found Nennylo's Book Shop.
 30772 | Orc:2    | Found an ancient bone altar of Kikubaaqudgha.
 30954 | Orc:2    | Found Vyh Ixter's Book Boutique.
 30962 | Orc:2    | Found Vamnaaf's Magic Scroll Shop.
 31569 | Shoals:1 | Entered Level 1 of the Shoals
 31935 | Shoals:1 | Reached XP level 16. HP: 56/139 MP: 16/16
 32375 | Shoals:1 | Received a gift from Trog
 32469 | Shoals:1 | Reached skill level 17 in Unarmed Combat
 33115 | Shoals:2 | Found Isavedus's Jewellery Boutique.
 33488 | Shoals:2 | Found Zaojic's Assorted Antiques.
 33496 | Shoals:2 | Bought a scroll of teleportation for 102 gold pieces
 33715 | Shoals:2 | Found Moqethewn's Jewellery Emporium.
 33921 | Shoals:2 | Found Xatzozil's Antique Weapon Shoppe.
 33923 | Shoals:2 | Found Iseewn's Assorted Antiques.
 35223 | Shoals:4 | Entered Level 4 of the Shoals
 35223 | Shoals:4 | Found a blossoming altar of Fedhas.
 35230 | Shoals:4 | Received a gift from Trog
 35265 | Shoals:4 | Paralysed by an air elemental for 1 turns
 37072 | Shoals:4 | Paralysed by an air elemental for 1 turns
 37440 | Shoals:4 | Paralysed by an air elemental for 1 turns
 38023 | Shoals:4 | Paralysed by an air elemental for 1 turns
 38026 | Shoals:4 | Paralysed by an air elemental for 1 turns
 38975 | Shoals:4 | Reached skill level 18 in Unarmed Combat
 39122 | Shoals:4 | Identified the +5 helmet "Soes Vum" {Fly}
 39135 | Shoals:4 | Noticed a storm dragon
 39147 | Shoals:4 | Killed a storm dragon
 39292 | Shoals:4 | Found the +1 cloak of Starlight {*Dazzle EV+4 Stlth--}
 39299 | Shoals:4 | Got a barnacled rune of Zot
 40679 | Snake:1  | Entered Level 1 of the Snake Pit
 40685 | Snake:1  | Reached XP level 17. HP: 147/147 MP: 17/17
 41207 | Snake:1  | HP: 6/148 [naga warrior/+0 war axe (44)]
 41207 | Snake:1  | HP: 2/148 [constriction (4)]
 44118 | Snake:2  | Reached skill level 19 in Unarmed Combat
 44520 | Snake:2  | Identified the +5 short sword "Mieja" {vorpal, rN+ Stlth+}
 44531 | Snake:2  | Identified the +1 rapier of the Pariah {speed, Str-2 Dex+4}
 44759 | Snake:2  | Found Xaykow's Antique Armour Shoppe.
 44761 | Snake:2  | Found Nonibim's Armour Emporium.
 44763 | Snake:2  | Found Qucoumilue's Distillery.
 44767 | Snake:2  | Bought a pair of embroidered boots for 202 gold pieces
 44791 | Snake:2  | Received a gift from Trog
 45301 | Snake:3  | Noticed Aizul
 45324 | Snake:3  | Killed Aizul
 46759 | Snake:3  | Found Zuitwuc's Assorted Antiques.
 46794 | Snake:4  | Entered Level 4 of the Snake Pit
 46964 | Snake:4  | Noticed Nikola
 47011 | Snake:4  | Killed Nikola
 47402 | Snake:4  | Noticed Bai Suzhen
 47435 | Snake:4  | Reached XP level 18. HP: 157/157 MP: 18/18
 48030 | Snake:4  | Killed Bai Suzhen
 48307 | Snake:4  | Found Jioxunnet's Vocational Training.
 48312 | Snake:4  | Found a sacrificial altar of Ru.
 49265 | Snake:4  | Identified the +8 halberd of Trog's Scorn {flame, Will+}
                  | (Trog gifted it to you on level 4 of the Snake Pit)
 49265 | Snake:4  | Received a gift from Trog
 50134 | Snake:4  | Got a serpentine rune of Zot
 50525 | Vaults:1 | Entered Level 1 of the Vaults
 50525 | Vaults:1 | Found Lunaw's Jewellery Boutique.
 50551 | Vaults:1 | Bought the ring of the Hippo {*Corrode rF+ rN+ AC+4 Str+3
                  | SInv} for 1122 gold pieces
 50682 | Vaults:1 | Reached skill level 20 in Unarmed Combat
 50802 | Vaults:1 | HP: 2/158 [very large slime creature (33)]
 51690 | Vaults:1 | You are sucked into a shaft and drop 1 floor!
 51690 | Vaults:2 | Found a crumbling gateway.
 51694 | Desolati | Entered the Desolation of Salt
 52337 | Desolati | Reached XP level 19. HP: 166/166 MP: 19/19
 52406 | Desolati | Identified the +2 pair of boots "Jarchir" {Rampage Regen+}
 52511 | Desolati | Found the +7 captain's cutlass {speed, disarm}
 52516 | Desolati | Identified the amulet of the Dull God {Acrobat rPois Str+4
                  | Slay+3}
 52533 | Desolati | Identified the +2 leather armour "Oleduo" {Dex+4}
 52636 | Desolati | Identified the +6 sling of Foolhardiness {vorpal, Will+
                  | rCorr}
 52643 | Desolati | Identified the ring "Mac Soif" {rPois rN+ MP+9 Slay+4}
 52647 | Desolati | Identified the +5 scimitar of Ignis, Shrinking {pain, Fly
                  | SInv Stlth+}
 52648 | Desolati | Identified the +2 scale mail of the Salamander {+Blink
                  | Str-2 Int+4 Dex+4}
 52897 | Vaults:2 | Received a gift from Trog
 52945 | Vaults:2 | Killed from afar by an ironbound frostheart

Illustrated notes

Levels and vault maps discovered:
D:1:      minmay_arrival_cross, layout_loops_ring,
          hellmonk_ecumenical_altar_run_dry
D:2:      layout_basic, minmay_misc_feat_cross
D:3:      cheibrodos_pilgrimage, layout_basic, serial_shops,
          nicolae_shop_behind_doors, grunt_ministairs_2
D:4:      layout_layer_cave, worldfamousw_hep_ancestral_shrine,
          mainiacjoe_overflow_boulevard, serial_shops, shop,
          nicolae_shop_waterfront, shop, nicolae_shop_crystal,
          nicolae_stop_n_shop_2, hangedman_feature_mirror, minmay_manual_mares,
          uniq_edmund, uniq_pikel
D:5:      layout_cave_pools, marbit_many_paths, nicolae_dithmenos_shadow_blocks,
          minmay_pentangle, uniq_sigmund
D:6:      layout_gridville, minmay_temple_entry_waves, serial_shops, shop,
          uniq_grinder
D:7:      layout_cave_pods, slow_altar_1,
          mainiacjoe_overflow_concentric_impassable, uniq_joseph
D:8:      layout_basic, kennysheep_mini, general_overflow_altar, serial_rivers,
          chequers_serial_rivers_large_b, chequers_serial_rivers_room_b,
          chequers_serial_rivers_room_a, chequers_serial_rivers_small_3,
          special_room [special_room_kobold]
D:9:      layout_rooms, nicolae_tso_swordbearing_angel, david_orc_2, uniq_grum
D:10:     layout_cave_pods, lair_entry_dummy
D:11:     layout_roguey
D:12:     layout_rooms, gauntlet_entry_generic, evilmike_butchery
D:13:     layout_irregular_city, uniq_urug
D:14:     layout_layer_cave, david_vaults_4
D:15:     hangedman_depths_entry_try_elsewhere_first, layout_rooms,
          grunt_decor_resistance, minivault_14, uniq_agnes
Lair:1:   layout_loops_ring, nzn_ghost_randoct, chequers_serial_rivers_small_a,
          chequers_serial_rivers_micro_b, chequers_serial_rivers_small_3,
          nicolae_lair_grazing_beasts [nicolae_sub_lair_graze_edge,
          nicolae_sub_lair_graze_edge, nicolae_sub_lair_graze_edge,
          nicolae_sub_lair_graze_edge], infiniplex_staircase_pool_2
Lair:2:   layout_cellular_growth, shoals_dummy_entry,
          guppyfry_snake_entry_garden, minmay_holes, minivault_11, minivault_25,
          lemuel_oklob_altar
Lair:3:   layout_regular_city, gammafunk_ghost_ooze, wad_woods_road_05
Lair:4:   layout_regular_city, enter_volcano_3, chequers_serial_rivers_micro_c,
          minivault_26, grunt_megastairs_1, uniq_josephine
Lair:5:   hangedman_lair_caniforms_friends, layout_cave_pods,
          hangedman_lair_in_review, minmay_slime_entry_pillars,
          nzn_sisyphean_effort, uniq_kirke
Shoals:1: layout_shoals
Shoals:2: layout_shoals, serial_shops, shop, nicolae_square_shop,
          nicolae_shop_trees, nicolae_shop_trees, shop
Shoals:3: layout_shoals
Shoals:4: shoals_end_hellmonk_storm_palace [storm_palace_center_square,
          storm_palace_corner_altar, storm_palace_corner_grid,
          storm_palace_corner_grid, storm_palace_corner_reverse_hut],
          serial_shops
Snake:1:  layout_rooms, hangedman_snake_corridor_cut, grunt_megastairs_3
Snake:2:  layout_cave_pods, fake_guardian_serpent_vault, minmay_shop_star
Snake:3:  layout_misc_corridors, serial_shops, nicolae_lakefront_shop,
          serial_bayou_shore_a, uniq_aizul
Snake:4:  johnstein_snake_rune_scales, layout_concentric_octagons, basic_altar,
          nicolae_snake_gridmaze_zigzag, nicolae_shop_vocational, uniq_nikola,
          uniq_bai_suzhen
Orc:1:    orc_temple, layout_caves
Orc:2:    kennysheep_orc_mage_school, layout_diamond_mine,
          nicolae_shop_overcharged_wands
Vaults:1: hangedman_vaults_slice, ontoclasm_vaults_ring_small,
          nicolae_vaults_circle_grid_a, vaults_room_semicircle,
          vaults_room_grunt_arrival_ludios, ontoclasm_vaults_hangar,
          nicolae_vaults_minivaults, vaults_room_door_ring, grunt_vaults_funnel,
          v_misc_13, nicolae_vaults_yaktaur_gun_rack, layout_vaults_omnigrid,
          serial_shops, shop_coins
Vaults:2: portal_desolation_entry_nicolae_slug,
          minmay_crypt_entry_skeletal_spiral, hangedman_vaults_pinch, v_misc_26,
          vaults_room_octagon, vaults_room_corners,
          vaults_mumra_minichess_inversion, v_misc_10, st_lattice,
          layout_vaults_chaotic_city

Skill      XL: |  1  2  3  4  5  6  7  8  9 10 11 12 13 14 15 16 17 18 |
---------------+-------------------------------------------------------+-----
Unarmed Combat | 3 4 5 6 7 9 10 12 14 15 16 18 19 20 | 20.8
Armour         | 2 3 4 5 6 7 8 |  8.0
Fighting       | 4 5 6 8 9 10 12 14 16 17 18 19 | 19.3
Dodging        | 4 8 9 10 11 12 13 14 | 14.9

Action                   |  1- 3 |  4- 6 |  7- 9 | 10-12 | 13-15 | 16-18 | 19-21 || total
-------------------------+-------+-------+-------+-------+-------+-------+-------++-------
Melee: Unarmed           |    75 |   137 |   312 |   731 |  1384 |  1894 |   168 ||  4701
       Punch             |     1 |     4 |     6 |    41 |   159 |   222 |    37 ||   470
 Fire: Sling             |    20 |    31 |    63 |    38 |       |       |       ||   152
       Triple crossbow   |       |       |       |       |   280 |   122 |       ||   402
Throw: Boomerang         |    51 |    11 |       |    62 |    29 |    42 |     4 ||   199
       Javelin           |       |     4 |       |     4 |       |     4 |       ||    12
       Dart              |       |       |     1 |     7 |     2 |       |       ||    10
       Throwing net      |       |       |       |     2 |       |     5 |       ||     7
Invok: Trog's Hand       |       |     5 |     3 |    12 |    17 |    30 |     3 ||    70
       Brothers in Arms  |       |       |       |     1 |     2 |     5 |     1 ||     9
Evoke: Wand              |       |     4 |    16 |    16 |     8 |     3 |     3 ||    50
       Phantom mirror    |       |       |       |       |       |     1 |       ||     1
       Box of beasts     |       |       |       |       |       |     1 |       ||     1
  Use: Scroll            |     7 |     6 |     4 |     8 |    11 |    21 |       ||    57
 Stab: Paralysed         |       |       |    18 |     5 |       |     2 |       ||    25
       Distracted        |       |       |     1 |       |     1 |       |       ||     2
       Sleeping          |       |       |       |       |     2 |     1 |       ||     3
       Invisible         |       |       |       |       |       |    54 |     5 ||    59
       Held in net/web   |       |       |       |       |       |     1 |       ||     1
Armor: Animal skin       |     6 |       |       |       |       |       |       ||     6
       Leather armour    |    31 |    75 |   179 |   384 |   523 |   550 |    53 ||  1795
Dodge: Dodged            |    58 |    85 |   181 |   406 |  1156 |  1717 |   151 ||  3754
       Repelled          |       |       |       |       |    23 |    12 |       ||    35
